 Seeded DCSS version 0.28-a0-1184-g53156a8862 (webtiles) character file.

Game seed: 5072846112075644457 (custom seed)

22 flotson the Ducker (level 2, -3/23 HPs)
             Began as a Demonspawn Gladiator on Dec 17, 2021.
             Slain by a kobold (10 damage)
             ... on level 1 of the Dungeon.
             The game lasted 00:00:34 (596 turns).

flotson the Ducker (Demonspawn Gladiator)            Turns: 596, Time: 00:00:35

Health: -3/23      AC:  4    Str: 14    XL:     2   Next: 68%
Magic:  2/2        EV: 12    Int:  9    God:
Gold:   45         SH:  4    Dex: 14    Spells: 1/1 levels left

rFire   . . .      SeeInvis .   a - +0 war axe
rCold   . . .      Faith    .   (no shield)
rNeg    . . .      Spirit   .   b - +0 leather armour
rPois   .          Reflect  .   c - +0 helmet
rElec   .          Harm     .   (no cloak)
rCorr   .          Rampage  .   (no gloves)
Will    .....                   (no boots)
Stlth   +.........              (no amulet)
HPRegen 0.07/turn               (no ring)
MPRegen 0.08/turn               (no ring)

@: no status effects
A: condensation shield
a: no special abilities


You were on level 1 of the Dungeon.
You visited 1 branch of the dungeon, and saw 1 of its levels.

You collected 45 gold pieces.

Inventory:

Hand Weapons
 a - a +0 war axe (weapon)
Missiles
 d - 3 throwing nets (quivered)
Armour
 b - a +0 leather armour (worn)
 c - a +0 helmet (worn)
Scrolls
 e - a scroll of acquirement {unknown}


   Skills:
 + Level 2.3 Fighting
 - Level 2.6 Axes
 + Level 2.1 Throwing
 + Level 1.0 Armour
 + Level 2.9 Dodging


You had one spell level left.
You didn't know any spells.
Your spell library was empty.

Dungeon Overview and Level Annotations

Branches:
Dungeon (1/15)

Altars:


Innate Abilities, Weirdness & Mutations

A meltable shield of frost defends you. (SH +4)


Message History

You miss the bat. The bat misses you. The bat hits you but does no damage.
You closely miss the bat. The bat barely misses you.
You miss the bat. The bat hits you but does no damage. The bat hits you. x2
You completely miss the bat. The bat hits you but does no damage. x2
You barely miss the bat. You block the bat's attack.
The bat closely misses you.
You slash the bat!
You kill the bat!
Your Armour skill increases to level 1!
No target in view!
No target in view!
No target in view!
No target in view!
No target in view!
No target in view!
You now have 45 gold pieces (gained 12).
Found a war axe.
A kobold comes into view.
It is wielding a +1 whip of electrocution.
The kobold shouts!
You hit the kobold.
The kobold is severely wounded.
The kobold closely misses you.
The kobold hits you with a +1 whip of electrocution.
You are electrocuted!
You are too injured to fight recklessly!
You are too injured to fight recklessly!
You are too injured to fight recklessly!
You are too injured to fight recklessly!
You are too injured to fight recklessly!
You are too injured to fight recklessly!
You are too injured to fight recklessly!
You closely miss the kobold.
The kobold is severely wounded.
The kobold closely misses you.
You barely miss the kobold.
The kobold is severely wounded.
The kobold hits you with a +1 whip of electrocution.
You are electrocuted!
You die...

##)..# #.......# #....#
#.......# #....#
#.......# #....#
#.......#
#######....###.......###
........................
..........####.#........
..........# #.######++#
.......@..# #.##≈≈.....
......K.### #.#≈≈..≈≈≈≈
........######.#≈..≈≈...
.###...........#≈.≈≈..≈.
.............#≈.≈≈.≈≈≈
###...........#≈.≈≈.<.≈
#...........#≈..≈≈≈.≈
#...........#≈≈..≈..≈
..........#≈≈≈...≈≈


You could see a kobold.

Vanquished Creatures
  A dart slug (D:1)
  5 ball pythons (D:1)
  An endoplasm (D:1)
  A giant cockroach (D:1)
  2 goblins (D:1)
  A hobgoblin (D:1)
  5 bats (D:1)
  A frilled lizard (D:1)
  A kobold (D:1)
  A rat (D:1)
19 creatures vanquished.

Notes
Turn   | Place    | Note
-------+----------+-------------------------------------------
     0 | D:1      | flotson the Demonspawn Gladiator began the quest for the
                  | Orb.
     0 | D:1      | Reached XP level 1. HP: 16/16 MP: 1/1
    83 | D:1      | Gained mutation: A meltable shield of frost defends you.
                  | (SH +4) [demonic ancestry]
    83 | D:1      | Reached XP level 2. HP: 6/22 MP: 2/2
   547 | D:1      | Reached skill level 1 in Armour
   596 | D:1      | Slain by a kobold

Illustrated notes

Levels and vault maps discovered:
D:1:      psy_arrival_whirlpool, layout_basic, amethyst_killhole,
          hangedman_abyss_or_decor_lesser_grid

Skill      XL: |  1  2 |
---------------+-------+-----
Throwing       | 2 |  2.1
Armour         | 1 |  1.0
Fighting       | |  2.3
Axes           | |  2.6
Dodging        | |  2.9

Action                   || total
-------------------------++-------
Melee: War axe           ||    51
Armor: Leather armour    ||    27
Dodge: Dodged            ||    50
Block: Other             ||    17

Table legend: (Time is in decaauts)
 A = Elapsed time spent in this place.
 B = Non-inter-level travel time spent in this place.
 C = Inter-level travel time spent in this place.
 D = Time resting spent in this place.
 E = Time spent auto-exploring this place.
 F = Levels seen in this place.
 G = Mean time per level.
                   A        B        C        D        E       F      G
               +--------+--------+--------+--------+--------+-----+--------+
         Total |    615 |    615 |      0 |      0 |    490 |   1 |  615.0 |
       Dungeon |    615 |    615 |      0 |      0 |    490 |   1 |  615.0 |
               +--------+--------+--------+--------+--------+-----+--------+

Top non-repeatable levels by time:
     D:1: 615 daAuts
